 Dungeon Crawl Stone Soup version 0.30-a0-23-ge60ba3568b (webtiles) character file.

Game seed: 13962987157188693141

159 siradein the Poker (level 5, -5/42 HPs)
             Began as a Merfolk Gladiator on Aug 25, 2022.
             Was an Initiate of Okawaru.
             Slain by a lemure (6 damage)
             ... led by Pikel
             ... on level 3 of the Dungeon.
             The game lasted 00:04:51 (3148 turns).

siradein the Poker (Merfolk Gladiator)              Turns: 3148, Time: 00:04:52

Health: -5/42      AC:  7    Str: 14    XL:     5   Next: 40%
Magic:  5/5        EV: 14    Int:  8    God:    Okawaru [......]
Gold:   170        SH:  0    Dex: 17    Spells: 4/4 levels left

rFire   . . .      SeeInvis .    a - +0 trident
rCold   . . .      Faith    .    (no shield)
rNeg    . . .      Spirit   .    b - +0 leather armour
rPois   .          Reflect  .    c - +0 helmet
rElec   .          Harm     .    h - +1 cloak
rCorr   .          Rampage  .    (no gloves)
Will    .....                    s - +0 pair of boots
Stlth   +.........               (no amulet)
HPRegen 0.14/turn                (no ring)
MPRegen 0.09/turn                (no ring)

@: no status effects
A: (nimble swimmer 2), mertail
a: Renounce Religion


You were on level 3 of the Dungeon.
You worshipped Okawaru.
Okawaru was noncommittal.
You visited 1 branch of the dungeon, and saw 4 of its levels.

You collected 170 gold pieces.

Inventory:

Hand Weapons
 a - a +0 trident (weapon)
Missiles
 d - 3 throwing nets (quivered)
 e - 4 javelins
 g - 16 stones
Armour
 b - a +0 leather armour (worn)
 c - a +0 helmet (worn)
 h - a +1 cloak (worn)
 s - a +0 pair of boots (worn)
Scrolls
 f - a scroll of fear {unknown}
 i - a scroll of blinking {unknown}
 j - 2 scrolls of magic mapping {unknown}
 l - 4 scrolls of identify {unknown}
 m - 3 scrolls of teleportation {unknown}
 v - a scroll of noise {unknown}
Potions
 k - a potion of attraction {unknown}
 n - 2 potions of heal wounds {unknown}
 o - a potion of lignification {unknown}
 p - a potion of invisibility {unknown}
 q - 2 potions of brilliance {unknown}
 r - a potion of haste {unknown}
 t - a potion of might {unknown}
 u - a potion of magic {unknown}


   Skills:
 + Level 3.8 Fighting
 + Level 5.5 Polearms
 + Level 2.6 Throwing
 + Level 0.9 Armour
 + Level 4.6 Dodging


You had 4 spell levels left.
You didn't know any spells.
Your spell library contained the following spells:

 Spells                   Type           Power      Damage    Failure   Level
 Magic Dart               Conj           0%         1d3       47%         1
 Searing Ray              Conj           0%         2d4       63%         2
 Fulminant Prism          Conj/Hex       0%         3d6       99%         4


Dungeon Overview and Level Annotations

Branches:
Dungeon (4/15)
 Temple: D:4-7

Altars:
Hepliaklqana
Okawaru

Annotations:
D:4 Pikel


Innate Abilities, Weirdness & Mutations

((You are very nimble when in or above water. (Stealth+, EV+, Speed+++)))
Your lower body shifts to a powerful aquatic tail in water.


Message History

The lemure shouts!
Pikel and a lemure come into view.
Pikel is wielding a +1 whip of freezing and carrying a wand of roots (11).
Pikel shouts!
The lemure shouts!
A lemure comes into view.
You reach to attack!
You hit the lemure but do no damage.
Unknown command.
The lemure attacks as you move away! The lemure closely misses you.
There is a stone staircase leading down here.
Pikel zaps a wand.
The roots erupt in riotous growth!
The lemure is unaffected.
The grasping roots grab you! The grasping roots constrict you!
You hear a shout!
You escape the roots grasp.
The lemure attacks as you move away! The lemure barely misses you.
The lemure attacks as you move away! The lemure barely misses you.
Pikel zaps a wand.
The roots erupt in riotous growth!
The lemure is unaffected.
The grasping roots grab you! The grasping roots constrict you!
The roots grasp on you weakens, but your attempt to escape fails.
The lemure hits you. The grasping roots constrict you.
The grasping roots release their grip on you.
The lemure attacks as you move away! The lemure barely misses you.
The lemure attacks as you move away! The lemure hits you.
The lemure attacks as you move away! The lemure hits you!
* * * LOW HITPOINT WARNING * * *
Pikel zaps a wand.
The roots erupt in riotous growth!
The grasping roots grab you!
The lemure is unaffected.
The grasping roots constrict you.
* * * LOW HITPOINT WARNING * * *
You hear a shout!
You escape the roots grasp.
There is a stone staircase leading up here.
The lemure hits you but does no damage.
You climb upwards.
There is a stone staircase leading down here.
The lemure hits you.
* * * LOW HITPOINT WARNING * * *
The lemure attacks as you move away! The lemure hits you.
You die...

#...⌠.....#.[...
#......>..######
#...⌠.....#.....
#.#.......#...##
#.....⌠..##...#
#.#^....##....#
###.#...........#
##...#...........#
#>@..#############
#5##.#....#
#.......#.########
################..#........#
#............))....##......##
#.........########...........
#..........................#.
#..........########........#.
#......................#####.


You could see a lemure.

Vanquished Creatures
  A hound (D:4)
  A jelly (D:4)
  3 adders
  3 worms
  A dart slug (D:2)
  5 orcs (D:3)
  5 bats
  3 endoplasms
  2 giant cockroaches
  6 goblins
  6 hobgoblins
  A kobold (D:1)
  5 quokkas
  8 ball pythons
  3 frilled lizards
  4 rats
57 creatures vanquished.

Notes
Turn   | Place    | Note
-------+----------+-------------------------------------------
     0 | D:1      | siradein the Merfolk Gladiator began the quest for the Orb.
     0 | D:1      | Reached XP level 1. HP: 16/16 MP: 1/1
   450 | D:1      | Reached XP level 2. HP: 18/23 MP: 2/2
   559 | D:1      | Found a faded altar of an unknown god.
  1055 | D:2      | Found an iron altar of Okawaru.
  1070 | D:2      | Became a worshipper of Warmaster Okawaru
  1204 | D:2      | Reached XP level 3. HP: 29/29 MP: 3/3
  1320 | D:2      | Reached skill level 5 in Polearms
  1994 | D:3      | Reached XP level 4. HP: 35/35 MP: 4/4
  2802 | D:4      | Reached XP level 5. HP: 19/42 MP: 5/5
  3079 | D:4      | Found an iron altar of Okawaru.
  3079 | D:4      | Found a hazy altar of Hepliaklqana.
  3123 | D:4      | Noticed a lemure
  3123 | D:4      | Noticed a lemure
  3125 | D:4      | Noticed Pikel
  3125 | D:4      | Noticed a lemure
  3125 | D:4      | Noticed a lemure
  3147 | D:3      | HP: 1/42 [lemure[Pikel] (3)]
  3148 | D:3      | Slain by a lemure

Illustrated notes

Levels and vault maps discovered:
D:1:      dpeg_arrival_rooms_c, layout_basic,
          hellmonk_ecumenical_altar_arch_garden,
          wander_ebering_terrifying_dragon_lair
D:2:      layout_basic, basic_altar, minmay_hedge_maze, grunt_ministairs_5
D:3:      layout_basic, grunt_ministairs_9
D:4:      layout_layer_cave, gammafunk_temple_overflow_elements,
          kiku_gazebo_pond_becter, uniq_pikel, uniq_eustachio

Skill      XL: |  1  2  3 |
---------------+----------+-----
Fighting       | 3 |  3.8
Polearms       | 5 |  5.5
Throwing       | |  2.6
Armour         | |  0.9
Dodging        | |  4.6

Action                   |  1- 3 |  4- 6 || total
-------------------------+-------+-------++-------
Melee: Trident           |   179 |   104 ||   283
       Punch             |     1 |     3 ||     4
 Stab: Sleeping          |     1 |     1 ||     2
Armor: Leather armour    |    30 |    21 ||    51
Dodge: Dodged            |    82 |    71 ||   153

Table legend: (Time is in decaauts)
 A = Elapsed time spent in this place.
 B = Non-inter-level travel time spent in this place.
 C = Inter-level travel time spent in this place.
 D = Time resting spent in this place.
 E = Time spent auto-exploring this place.
 F = Levels seen in this place.
 G = Mean time per level.
                   A        B        C        D        E       F      G
               +--------+--------+--------+--------+--------+-----+--------+
         Total |   3161 |   3004 |    157 |      0 |   2448 |   4 |  790.2 |
       Dungeon |   3161 |   3004 |    157 |      0 |   2448 |   4 |  790.2 |
               +--------+--------+--------+--------+--------+-----+--------+

Top non-repeatable levels by time:
     D:1: 1014 daAuts
     D:2: 971 daAuts
     D:3: 807 daAuts
     D:4: 368 daAuts
